 Dungeon Crawl Stone Soup version 0.27.0-1-g7a089689b8 (webtiles) character file.

Game seed: 9690234372643852320

29 sanka the Poker (level 3, 0/21 HPs)
             Began as a Tengu Warper on Aug 5, 2021.
             Succumbed to an adder's poison
             ... on level 2 of the Dungeon.
             The game lasted 00:01:15 (1602 turns).

sanka the Poker (Tengu Warper)                      Turns: 1602, Time: 00:01:16

Health: 0/21       AC:  3    Str: 11    XL:     3   Next: 16%
Magic:  7/7        EV: 12    Int: 13    God:
Gold:   46         SH:  0    Dex: 14    Spells: 6/6 levels left

rFire    . . .     SeeInvis .   a - +0 spear
rCold    . . .     Faith    .   (no shield)
rNeg     . . .     Spirit   .   b - +0 leather armour
rPois    .         Reflect  .   (helmet restricted)
rElec    .         Harm     .   (no cloak)
rCorr    .         Rampage  .   (no gloves)
Will     .....                  (boots unavailable)
Stlth    +.........             (no amulet)
HPRegen  0.07/turn              (no ring)
MPRegen  0.10/turn              (no ring)

@: lethally poisoned (0 -> -7)
A: beak, talons 3
a: no special abilities


You were on level 2 of the Dungeon.
You visited 1 branch of the dungeon, and saw 2 of its levels.

You collected 46 gold pieces.


Innate Abilities, Weirdness & Mutations

You have a beak for a mouth.
You have claws for feet.


   Skills:
 - Level 2.0 Fighting
 + Level 3.9 Polearms
 - Level 1.0 Throwing
 - Level 1.1 Armour
 - Level 2.1 Dodging
 - Level 2.0 Spellcasting
 - Level 2.4 Translocations


You had 6 spell levels left.
You didn't know any spells.
Your spell library contained the following spells:

 Spells                   Type           Power      Damage    Failure   Level
 Blink                    Tloc           N/A        N/A       19%         2
 Gell's Gravitas          Tloc           3%         N/A       36%         3
 Lesser Beckoning         Tloc           3%         N/A       36%         3
 Teleport Other           Tloc           7%         N/A       36%         3
 Manifold Assault         Tloc           7%         N/A       98%         5

Inventory:

Hand Weapons
 a - a +0 spear (weapon)
Missiles
 d - 5 boomerangs of dispersal (quivered) {=f}
 i - 7 curare-tipped darts {=f}
Armour
 b - a +0 leather armour (worn)
Scrolls
 c - a scroll of blinking
 e - 2 scrolls of noise {unknown}
 f - 3 scrolls of identify {unknown}
Potions
 g - a potion of might {unknown}
 j - a potion of heal wounds {unknown}
 k - a potion of invisibility {unknown}

Dungeon Overview and Level Annotations

Branches:
Dungeon (2/15)

Altars:

▒.▒.......▒.....▒▒▒▒..▒ ▒
.▒.....£.▒.....▒ ▒..▒▒▒▒ ▒.
........▒▒▒▒▒.▒ ▒......
▒.▒▒▒?.....B ▒.▒ ▒.▒▒▒▒▒
▒........▒ ▒▒▒▒▒.▒▒▒▒.▒....
▒.....?▒S▒▒▒...............▒
▒.........▒▒................
▒.........▒▒...............▒
▒..........Q...............▒
▒.........▒▒...............▒
▒.........▒▒...............▒
▒.................▒.........
▒▒........▒.........▒▒▒▒▒▒▒▒
▒........▒................
▒........▒......>..▒▒▒▒▒▒▒
▒........▒▒▒▒▒▒▒▒▒▒▒
▒..(.....▒


There were no monsters in sight!


Message History

You are more poisoned.
The adder poisons you!
You miss the adder. Your peck misses the adder.
The adder is heavily wounded.
* * * LOW HITPOINT WARNING * * *
You feel very sick. The adder closely misses you.
Unknown command.
You hit the adder. You claw the adder, but do no damage.
The adder is severely wounded.
* * * LOW HITPOINT WARNING * * *
You feel sick. The adder bites you.
* * * LOW HITPOINT WARNING * * *
Unknown command.
You miss the adder. You peck the adder.
You kill the adder!
* * * LOW HITPOINT WARNING * * *
You feel sick.
You have reached level 3!
Your experience leads to an increase in your attributes!
Increase (s)trength, (i)ntelligence, or (d)exterity?
You feel agile.
Unknown command.
It was a potion of cancellation.
You feel magically purged.
You die...

Action                   || total
-------------------------++-------
Melee: Spear             ||    59
       Peck              ||     6
       Kick              ||     8
  Use: Potion            ||     1
Armor: Leather armour    ||     7
Dodge: Dodged            ||    31

Levels and vault maps discovered:
D:1:      dpeg_arrival_simpleton_b, layout_rooms, serial_co_window_serial,
          co_window_paths_b, co_window_corner_a, co_window_paths_b,
          co_window_paths_a, co_window_paths_a, co_window_paths_b,
          co_window_broadway_b, co_window_corner_ca, co_window_unsneaky_path_d,
          co_window_corner_b, co_window_corner_ca, co_window_cross_3,
          glass_columns_b, glass_columns_c, hangedman_decor_clover_reticule,
          minmay_misc_feat_roman
D:2:      layout_basic, amcnicky_mini_corridor_feature

Notes
Turn   | Place    | Note
-------+----------+-------------------------------------------
     0 | D:1      | sanka the Tengu Warper began the quest for the Orb.
     0 | D:1      | Reached XP level 1. HP: 12/12 MP: 4/4
   217 | D:1      | Reached skill level 3 in Polearms
   217 | D:1      | Reached XP level 2. HP: 15/17 MP: 6/6
  1602 | D:2      | Reached XP level 3. HP: 2/21 MP: 7/7
  1602 | D:2      | Succumbed to an adder's poison

Vanquished Creatures
  An adder (D:2)
  2 giant cockroaches
  A goblin (D:2)
  6 jackals
  4 kobolds
  A quokka (D:2)
  A bat (D:1)
  A frilled lizard (D:2)
  A rat (D:1)
18 creatures vanquished.
